SL
ROCKY MOUNTAIN NUGGETS @ GRAFTON MIDDIES
08/11/2031
 
TOP OF THE 1ST
Rocky Mountain Nuggets batting - Pitching for Grafton Middies : RHP António Marés
Pitching: RHP António Marés
Batting: RHB Luis Ríos 0-0: Ground out 4-3 (Groundball, 34)
Batting: RHB Wrangler Haresnape 0-0: Foul Ball, location: 2F
0-1: Ball
1-1: Ground out 6-3 (Groundball, 6)
Batting: LHB Willis Baker 0-0: Ball
1-0: Foul Ball, location: 2F
1-1: Foul Ball, location: 2F
1-2: Fly out, F8 (Flyball, 8RS)
Top of the 1st over - 0 runs, 0 hits, 0 errors, 0 left on base; Rocky Mountain 0 - Grafton 0
BOTTOM OF THE 1ST
Grafton Middies batting - Pitching for Rocky Mountain Nuggets : RHP Don Miller
Pitching: RHP Don Miller
Batting: LHB Bartolo Soto 0-0: Swinging Strike
0-1: Ball
1-1: Fly out, F9 (Line Drive, 9D)
Batting: LHB Job Pels 0-0: Ball
1-0: Swinging Strike
1-1: Swinging Strike
1-2: Foul Ball, location: 2F
1-2: Ball
2-2: Strikes out looking
Batting: LHB Mario Ramos 0-0: Ball
1-0: Foul Ball, location: 2F
1-1: Foul Ball, location: 2F
1-2: Ball
2-2: Foul Ball, location: 2F
2-2: Ball
3-2: Foul Ball, location: 2F
3-2: SINGLE (Line Drive, 8RS)
Batting: RHB Pedro Santos 0-0: Called Strike
0-1: Ball
1-1: Ground out 5-3 (Groundball, 56S)
Bottom of the 1st over - 0 runs, 1 hit, 0 errors, 1 left on base; Rocky Mountain 0 - Grafton 0
TOP OF THE 2ND
Rocky Mountain Nuggets batting - Pitching for Grafton Middies : RHP António Marés
Batting: LHB Dong-jin Kim 0-0: Called Strike
0-1: Foul Ball, location: 2F
0-2: Strikes out looking
Batting: RHB Sergio Martínez 0-0: Swinging Strike
0-1: Called Strike
0-2: Strikes out looking
Batting: LHB Sisto Pagnamenta 0-0: Ball
1-0: Swinging Strike
1-1: Ball
2-1: Ball
3-1: Base on Balls
Batting: RHB Gary Chalmers 0-0: Ball
Sisto Pagnamenta steals 2nd base
1-0: Ball
2-0: Fly out, F9 (Flyball, 9D)
Top of the 2nd over - 0 runs, 0 hits, 0 errors, 1 left on base; Rocky Mountain 0 - Grafton 0
BOTTOM OF THE 2ND
Grafton Middies batting - Pitching for Rocky Mountain Nuggets : RHP Don Miller
Batting: RHB Jerry Yates 0-0: Ball
1-0: Ball
2-0: Ball
3-0: Fly out, F8 (Flyball, 8LD)
Batting: RHB Carlos Maldonado 0-0: Ground out 5-3 (Groundball, 2L)
Batting: RHB Carlos De Jesús 0-0: Foul Ball, location: 2F
0-1: SINGLE (Groundball, 6D)
Batting: LHB Juan Caro 0-0: Ball
1-0: Ball
2-0: Ground out 4-3 (Groundball, 4)
Bottom of the 2nd over - 0 runs, 1 hit, 0 errors, 1 left on base; Rocky Mountain 0 - Grafton 0
TOP OF THE 3RD
Rocky Mountain Nuggets batting - Pitching for Grafton Middies : RHP António Marés
Batting: RHB Matt Sheppard 0-0: Swinging Strike
0-1: Called Strike
0-2: Ball
1-2: Ball
2-2: Strikes out swinging
Batting: RHB Pedro Longoria 0-0: Ball
1-0: Ball
2-0: Ball
3-0: Called Strike
3-1: Base on Balls
Batting: RHB Luis Ríos 0-0: Called Strike
0-1: Ball
1-1: Foul Ball, location: 2F
1-2: Foul Ball, location: 2F
1-2: Fly out, F8 (Flyball, 8LD)
Batting: RHB Wrangler Haresnape 0-0: Ball
1-0: Fly out, F8 (Flyball, 8LD)
Top of the 3rd over - 0 runs, 0 hits, 0 errors, 1 left on base; Rocky Mountain 0 - Grafton 0
BOTTOM OF THE 3RD
Grafton Middies batting - Pitching for Rocky Mountain Nuggets : RHP Don Miller
Batting: RHB Rubén Marino 0-0: Called Strike
0-1: Ball
1-1: Ball
2-1: Called Strike
2-2: Strikes out swinging
Batting: LHB Bartolo Soto 0-0: Ball
1-0: Ball
2-0: Called Strike
2-1: Ball
3-1: Called Strike
3-2: Strikes out swinging
Batting: LHB Job Pels 0-0: Swinging Strike
0-1: Foul Ball, location: 2F
0-2: Fly out, F8 (Flyball, 8RD)
Bottom of the 3rd over - 0 runs, 0 hits, 0 errors, 0 left on base; Rocky Mountain 0 - Grafton 0
TOP OF THE 4TH
Rocky Mountain Nuggets batting - Pitching for Grafton Middies : RHP António Marés
Batting: LHB Willis Baker 0-0: Swinging Strike
0-1: Ball
1-1: Called Strike
1-2: Strikes out swinging
Batting: LHB Dong-jin Kim 0-0: SINGLE (Groundball, 34S) (infield hit)
Batting: RHB Sergio Martínez 0-0: Called Strike
0-1: Foul Ball, location: 2F
0-2: Grounds into double play, 6-4-3 (Groundball, 6)
Top of the 4th over - 0 runs, 1 hit, 0 errors, 0 left on base; Rocky Mountain 0 - Grafton 0
BOTTOM OF THE 4TH
Grafton Middies batting - Pitching for Rocky Mountain Nuggets : RHP Don Miller
Batting: LHB Mario Ramos 0-0: Ball
1-0: SOLO HOME RUN (Flyball, 89XD), Distance : 421 ft
Batting: RHB Pedro Santos 0-0: Called Strike
0-1: Called Strike
0-2: Ball
1-2: Fly out, F8 (Flyball, 8LXD)
Batting: RHB Jerry Yates 0-0: Ball
1-0: Called Strike
1-1: Ground out 6-3 (Groundball, 6M)
Batting: RHB Carlos Maldonado 0-0: SINGLE (Line Drive, 8LS)
Batting: RHB Carlos De Jesús 0-0: SINGLE (Flyball, 8LS)
Carlos Maldonado to second
Batting: LHB Juan Caro 0-0: Fly out, F3 (Line Drive, 3S)
Bottom of the 4th over - 1 run, 3 hits, 0 errors, 2 left on base; Rocky Mountain 0 - Grafton 1
TOP OF THE 5TH
Rocky Mountain Nuggets batting - Pitching for Grafton Middies : RHP António Marés
Batting: LHB Sisto Pagnamenta 0-0: Swinging Strike
0-1: Ball
1-1: Called Strike
1-2: Ball
2-2: Foul Ball, location: 2F
2-2: Strikes out swinging
Batting: RHB Gary Chalmers 0-0: Ball
1-0: DOUBLE (Line Drive, 9LM)
Batting: RHB Matt Sheppard 0-0: Called Strike
0-1: Swinging Strike
0-2: Ball
1-2: Ball
2-2: Ball
3-2: Strikes out swinging
Batting: RHB Pedro Longoria 0-0: Called Strike
0-1: Called Strike
0-2: Ground out 6-3 (Groundball, 6S)
Top of the 5th over - 0 runs, 1 hit, 0 errors, 1 left on base; Rocky Mountain 0 - Grafton 1
BOTTOM OF THE 5TH
Grafton Middies batting - Pitching for Rocky Mountain Nuggets : RHP Don Miller
Batting: RHB Rubén Marino 0-0: Ball
1-0: SINGLE (Popup, 4D)
Batting: LHB Bartolo Soto 0-0: Ball
1-0: Ball
2-0: Bunted foul
2-1: Bunted foul
2-2: Foul Ball, location: 2F
2-2: Ground out 4-3 (Groundball, 34D)
Rubén Marino to second
Batting: LHB Job Pels 0-0: SINGLE (Line Drive, 6MD)
Rubén Marino to third
Batting: LHB Mario Ramos 0-0: Ball
1-0: Ball
2-0: Called Strike
2-1: Ball
3-1: Base on Balls
Job Pels to second
Batting: RHB Pedro Santos 0-0: Called Strike
0-1: Foul Ball, location: 2F
0-2: Foul Ball, location: 2F
0-2: Grounds into double play, 4-6-3 (Groundball, 4M)
Bottom of the 5th over - 0 runs, 2 hits, 0 errors, 2 left on base; Rocky Mountain 0 - Grafton 1
TOP OF THE 6TH
Rocky Mountain Nuggets batting - Pitching for Grafton Middies : RHP António Marés
Batting: RHB Luis Ríos 0-0: Swinging Strike
0-1: Ball
1-1: SINGLE (Groundball, 4D)
Batting: RHB Wrangler Haresnape 0-0: Ball
1-0: Sac Bunt - play at first, batter OUT! 1-4
Luis Ríos to second
Batting: LHB Willis Baker 0-0: Called Strike
0-1: Foul Ball, location: 2F
0-2: Strikes out swinging
Batting: LHB Dong-jin Kim 0-0: Called Strike
0-1: Ground out 4-3 (Groundball, 4M)
Top of the 6th over - 0 runs, 1 hit, 0 errors, 1 left on base; Rocky Mountain 0 - Grafton 1
BOTTOM OF THE 6TH
Grafton Middies batting - Pitching for Rocky Mountain Nuggets : RHP Don Miller
Batting: RHB Jerry Yates 0-0: Ball
1-0: Fly out, F8 (Flyball, 8RD)
Batting: RHB Carlos Maldonado 0-0: Ground out 6-3 (Groundball, 6S)
Batting: RHB Carlos De Jesús 0-0: Fly out, F8 (Flyball, 8LM)
Bottom of the 6th over - 0 runs, 0 hits, 0 errors, 0 left on base; Rocky Mountain 0 - Grafton 1
TOP OF THE 7TH
Rocky Mountain Nuggets batting - Pitching for Grafton Middies : RHP António Marés
Batting: RHB Sergio Martínez 0-0: Ball
1-0: Ball
2-0: Ball
3-0: Base on Balls
Batting: LHB Sisto Pagnamenta 0-0: Foul Ball, location: 2F
0-1: Ball
1-1: Sac Bunt - play at first, batter safe!
Sergio Martínez to second
Batting: RHB Gary Chalmers 0-0: Ball
1-0: Sac Bunt - play at first, batter safe!
Sergio Martínez to third
Sisto Pagnamenta to second
Batting: RHB Matt Sheppard 0-0: Called Strike
0-1: Called Strike
0-2: Foul Ball, location: 2F
0-2: Ball
1-2: Strikes out looking
Pinch Hitting: RHB Ed Adams 0-0: Ball
1-0: Ball
2-0: Ball
3-0: Called Strike
3-1: Foul Ball, location: 2F
3-2: Base on Balls
Sergio Martínez scores
Sisto Pagnamenta to third
Gary Chalmers to second
Batting: RHB Luis Ríos 0-0: Grounds into fielders choice 3-2 (Groundball, 3)
Gary Chalmers to third
Ed Adams to second
Batting: RHB Wrangler Haresnape 0-0: Ball
1-0: Called Strike
1-1: Fly out, F4 (Line Drive, 4M)
Top of the 7th over - 1 run, 2 hits, 0 errors, 3 left on base; Rocky Mountain 1 - Grafton 1
BOTTOM OF THE 7TH
Grafton Middies batting - Pitching for Rocky Mountain Nuggets : RHP Don Miller
Now at 2B: David McJannett
Batting: LHB Juan Caro 0-0: Called Strike
0-1: Foul Ball, location: 2F
0-2: Strikes out swinging
Batting: RHB Rubén Marino 0-0: Foul Ball, location: 2F
0-1: Ball
1-1: Fly out, F3 (Line Drive, 34)
Batting: LHB Bartolo Soto 0-0: Bunt missed!
0-1: Ball
1-1: Ball
2-1: Fly out, F7 (Line Drive, 7LS)
Bottom of the 7th over - 0 runs, 0 hits, 0 errors, 0 left on base; Rocky Mountain 1 - Grafton 1
TOP OF THE 8TH
Rocky Mountain Nuggets batting - Pitching for Grafton Middies : RHP António Marés
Batting: LHB Willis Baker 0-0: Called Strike
0-1: Called Strike
0-2: Strikes out swinging
Pitching: RHP Scott Woodger
Batting: LHB Dong-jin Kim 0-0: Fly out, F6 (Popup, 4MS)
Batting: RHB Sergio Martínez 0-0: Called Strike
0-1: Ground out 1-3 (Groundball, 13)
Top of the 8th over - 0 runs, 0 hits, 0 errors, 0 left on base; Rocky Mountain 1 - Grafton 1
BOTTOM OF THE 8TH
Grafton Middies batting - Pitching for Rocky Mountain Nuggets : RHP Don Miller
Batting: LHB Job Pels 0-0: Swinging Strike
0-1: Foul Ball, location: 2F
0-2: Ground out 6-3 (Groundball, 6D)
Pitching: RHP Hunter Wilson
Batting: LHB Mario Ramos 0-0: Ball
1-0: Ball
2-0: Foul Ball, location: 2F
2-1: Ball
3-1: Base on Balls
Batting: RHB Pedro Santos 0-0: Ball
1-0: Swinging Strike
1-1: Ball
2-1: Ball
3-1: Called Strike
3-2: Base on Balls
Mario Ramos to second
Batting: RHB Jerry Yates 0-0: Called Strike
0-1: DOUBLE (Line Drive, 7LS)
Mario Ramos scores
Pedro Santos to third
Batting: RHB Carlos Maldonado 0-0: Ground out 6-3 (Groundball, 6)
Pinch Hitting: LHB Jorge Flores 0-0: Ball
1-0: Ground out 5-3 (Groundball, 5)
Bottom of the 8th over - 1 run, 1 hit, 0 errors, 2 left on base; Rocky Mountain 1 - Grafton 2
TOP OF THE 9TH
Rocky Mountain Nuggets batting - Pitching for Grafton Middies : RHP Scott Woodger
Pitching: RHP Kenete Daku
Now in LF: Mariano Sánchez
Batting: LHB Sisto Pagnamenta 0-0: Ball
1-0: Ball
2-0: Foul Ball, location: 2F
2-1: SINGLE (Groundball, 3D)
Batting: RHB Gary Chalmers 0-0: Called Strike
0-1: Ball
1-1: Ball
2-1: Reached on error, E3 (Groundball, 3)
Sisto Pagnamenta to second
Batting: RHB Matt Sheppard 0-0: Ball
1-0: Called Strike
1-1: SINGLE (Line Drive, 78M)
Sisto Pagnamenta to third
Gary Chalmers to second
Runner from 3rd tries for Home, SAFE, throw made home
Batting: RHB David McJannett 0-0: Ball
1-0: Sac Bunt - play at first, batter OUT! 1-4
Gary Chalmers to third
Matt Sheppard to second
Batting: RHB Luis Ríos 0-0: Ball
1-0: Ball
2-0: Foul Ball, location: 2F
2-1: Foul Ball, location: 2F
2-2: Ball
3-2: TRIPLE (Line Drive, 7D)
Gary Chalmers scores
Matt Sheppard scores
Batting: RHB Wrangler Haresnape 0-0: Called Strike
0-1: Ball
1-1: Swinging Strike
1-2: Foul Ball, location: 2F
1-2: Strikes out swinging
Batting: LHB Willis Baker 0-0: Ball
1-0: Foul Ball, location: 2F
1-1: Foul Ball, location: 2F
1-2: Foul Ball, location: 2F
1-2: Ball
2-2: Ground out 5-3 (Groundball, 56S)
Top of the 9th over - 3 runs, 3 hits, 1 error, 1 left on base; Rocky Mountain 4 - Grafton 2
BOTTOM OF THE 9TH
Grafton Middies batting - Pitching for Rocky Mountain Nuggets : RHP Hunter Wilson
Pitching: RHP Tsugahara Hori
Batting: LHB Juan Caro 0-0: Called Strike
0-1: Ball
1-1: SINGLE (Line Drive, 4D)
Batting: RHB Rubén Marino 0-0: Fly out, F4 (Popup, 4M)
Batting: LHB Bartolo Soto 0-0: Fly out, F8 (Flyball, 8RM)
Batting: LHB Job Pels 0-0: Called Strike
0-1: Fly out, F6 (Line Drive, 6M)
Bottom of the 9th over - 0 runs, 1 hit, 0 errors, 1 left on base; Rocky Mountain 4 - Grafton 2
Tuesday, June 12th, 2018 - OOTP Baseball 18.8 Build 76